 Dungeon Crawl Stone Soup version 0.17.0-57-g0e89251 (webtiles) character file.

9 HandofTrog the Scratcher (level 2, 12/12 HPs)
             Began as a Felid Transmuter on Dec 7, 2015.
             Got out of the dungeon alive.
             The game lasted 00:03:45 (585 turns).

HandofTrog the Scratcher (Felid Transmuter)          Turns: 585, Time: 00:03:46

Health: 12/12      AC:  1    Str:  6    XL:     2   Next: 3%
Magic:  6/6        EV: 18    Int: 14    God:
Gold:   17         SH:  0    Dex: 16    Spells: 1 memorised, 4 levels left
                                        Lives:  0   Deaths: 0

rFire  . . .     SeeInvis +       - Unarmed
rCold  . . .     Clarity  .     (armour unavailable)
rNeg   . . .     SustAt   .     (shield unavailable)
rPois  .         Gourm    .     (helmet unavailable)
rElec  .         Spirit   .     (cloak unavailable)
rCorr  .         Warding  .     (gloves unavailable)
rMut   .         Stasis   .     (boots unavailable)
MR     .....                    (no amulet)
Stlth  ++........               (no ring)
                                (no ring)

@: quick, not resistant to hostile enchantments, unstealthy
A: no armour, no weapons or thrown items, claws 1, fangs 3, see invisible,
carnivore 3, speed 1, shaggy fur 1, slow metabolism 1, sharp paws
a: no special abilities


You escaped.
You were not hungry.

You visited 1 branch of the dungeon, and saw 1 of its levels.

You collected 17 gold pieces.

Inventory:

Missiles
 a - 42 arrows
Scrolls
 f - a scroll of remove curse {unknown}
 g - a scroll of magic mapping {unknown}
 i - a scroll of amnesia {unknown}
 j - a scroll of enchant armour {unknown}
 k - 2 scrolls of random uselessness {unknown}
 l - a scroll of blinking {unknown}
Potions
 d - a potion of flight {unknown}
 e - a potion of haste {unknown}
 h - 2 potions of invisibility {unknown}
Books
 b - a book of Changes

   Spells                             Type                      Level
   a - Beastly Appendage              Transmutation                1
   b - Sticks to Snakes               Transmutation                2
   c - Spider Form                    Transmutation/Poison         3
   d - Ice Form                       Ice/Transmutation            4
   e - Blade Hands                    Transmutation                5
Comestibles
 c - a meat ration


   Skills:
 + Level 1.1 Fighting
 + Level 3.0 Dodging
 + Level 3.1 Unarmed Combat
 + Level 2.1 Spellcasting
 + Level 2.4 Transmutations


You had 4 spell levels left.
You knew the following spells:

 Your Spells              Type           Power        Failure   Level  Hunger
a - Beastly Appendage     Trmt           #.....       12%         1    ##.....


Dungeon Overview and Level Annotations

Branches:
Dungeon (1/15)

Altars:


Innate Abilities, Weirdness & Mutations

You cannot wear armour.
You are incapable of wielding weapons or throwing items.
You have sharp claws.
You have razor-sharp teeth.
You have supernaturally acute eyesight.
You are carnivorous and can eat meat at any time.
You cover ground quickly.
You are covered in fur (AC +1).
You have a slow metabolism.
Your sharp claws are effective at attacking unaware monsters.


Message History

Unknown command.
Adjust (i)tems, (s)pells, or (a)bilities?
Okay, then.
Char dumped successfully.
Welcome back, HandofTrog the Felid Transmuter.
Press ? for a list of commands and other information.
Done exploring.
(D) Dungeon
Where to? (? - help)
What level of the Dungeon? (default 1, ? - help)
A kobold comes into view. It is wielding a short sword.
You scratch the kobold.
You kill the kobold!
No target in view!
You enter the shallow water.
Moving in this stuff is going to be slow.
There is a staircase leading out of the dungeon here.
Are you sure you want to leave the Dungeon?
This will make you lose the game!
You have escaped!

#..# ##.##.# #.# #######..###
#.##.# #.# ...........# #.##.#
#.#####
#.......#################.....#
#.#####.#≈≈≈≈≈≈≈≈≈≈≈≈≈≈≈#.###.#
#.# #.#≈≈≈≈≈.....≈≈≈≈≈#.###.# #.#
#.#≈≈....≈≈≈....≈≈#..##.### #.#
##.#≈...≈≈≈.≈≈≈...≈#......).
#.####......≈≈≈.@..≈≈..≈#..##.###
#.......#≈...≈≈≈.≈≈≈...≈#.###.#
#.####..#≈≈....≈≈≈....≈≈### #.#
#.#####.#≈≈≈≈≈.....≈≈≈≈≈# #.#
#.......#≈≈≈≈≈≈≈≈≈≈≈≈≈≈≈# ##.#
#.#####.################# #.>#
#.# #.##.........>.# #.## #.#
#.##.#.....#.#.# #.# #.#
#.##.#.....#.#.# #.#


There were no monsters in sight!

Vanquished Creatures
  A bat (D:1)
  A giant cockroach (D:1)
  A hobgoblin (D:1)
  2 kobolds (D:1)
  A goblin (D:1)
  3 rats (D:1)
9 creatures vanquished.

Notes
Turn   | Place    | Note
--------------------------------------------------------------
     0 | D:1      | HandofTrog the Felid Transmuter began the quest for the Orb.
     0 | D:1      | Reached XP level 1. HP: 9/9 MP: 4/4
   317 | D:1      | Reached XP level 2. HP: 12/12 MP: 6/6
   585 | D:$      | Got out of the dungeon alive.

Action                   || total
-------------------------++-------
Melee: Unarmed           ||    14
 Stab: Sleeping          ||     2
